 Dungeon Crawl Stone Soup version 0.31-a0-128-g25add195a6 (webtiles) character file.

Game seed: 16742081521550328234

200 Newt the Skirmisher (level 6, -1/38 HPs)
             Began as a Kobold Hunter on June 1, 2023.
             Slain by Pikel
             ... wielding a +1 whip of flaming
              (6 damage)
             ... on level 4 of the Dungeon.
             The game lasted 00:02:38 (2472 turns).

Newt the Skirmisher (Kobold Hunter)                 Turns: 2472, Time: 00:02:39

Health: -1/38      AC:  5    Str:  8    XL:     6   Next: 7%
Magic:  6/6        EV: 14    Int: 10    God:
Gold:   115        SH:  0    Dex: 21    Spells: 5/5 levels left

rFire   . . .        a - +1 shortbow
rCold   . . .        (shield currently unavailable)
rNeg    . . .        c - +0 leather armour
rPois   .            h - +0 helmet
rElec   .            j - +0 cloak
rCorr   .            (no gloves)
SInv    .            (no boots)
Will    .....        (no amulet)
Stlth   +++          (no ring)
HPRegen 0.26/turn    (no ring)
MPRegen 0.10/turn

%: no passive effects
@: no status effects
A: small, no large weapons, nightstalker 3
a: no special abilities


You were on level 4 of the Dungeon.
You visited 1 branch of the dungeon, and saw 4 of its levels.

You collected 115 gold pieces.

Inventory:

Hand Weapons
 a - a +1 shortbow (weapon)
Armour
 c - a +0 leather armour (worn)
 h - a +0 helmet (worn)
 j - a +0 cloak (worn)
Scrolls
 b - a scroll of butterflies
 e - 2 scrolls of teleportation
Potions
 d - a potion of enlightenment {unknown}
 f - 3 potions of curing
 g - a potion of degeneration
 i - a potion of brilliance
 k - a potion of resistance {unknown}


   Skills:
 - Level 4.0 Fighting
 + Level 8.0 Ranged Weapons
 - Level 2.4 Dodging
 - Level 1.3 Stealth


You had 5 spell levels left.
You didn't know any spells.
Your spell library contained the following spells:

 Spells                   Type           Power      Damage    Failure   Level
 Magic Dart               Conj           0%         1d3       50%         1
 Searing Ray              Conj           0%         2d4       63%         2
 Fulminant Prism          Conj/Hex       0%         3d5       99%         4


Dungeon Overview and Level Annotations

Branches:
Dungeon (4/15)             Temple (0/1) D:4

Altars:
Yredelemnul

Annotations:
D:4 Pikel, Sigmund


Innate Abilities, Weirdness & Mutations

You are small and have problems with some larger weapons.
You are completely attuned to the shadows.


Message History

The lemure hits you. Something hits you.
Fire: a) +1 shortbow
Press: ? - help, Shift-Dir - straight line, f/p - Pikel
Aim: Pikel, wielding a +1 whip of flaming and wearing a +0 robe (63% to hit)
You shoot an arrow.
The arrow hits the lemure but does no damage.
The lemure is severely wounded.
The lemure hits you but does no damage. Pikel waves his whip at you.
Fire: a) +1 shortbow
Press: ? - help, Shift-Dir - straight line, f/p - Pikel
Aim: Pikel, wielding a +1 whip of flaming and wearing a +0 robe (63% to hit)
You shoot an arrow. The arrow hits the lemure.
The lemure is severely wounded.
Something hits you. The lemure misses you.
Unknown command.
Unknown command.
You shoot an arrow. The arrow hits the lemure!
You kill the lemure!
That felt strangely unrewarding.
Something hits you!
You shoot an arrow. The arrow hits Pikel.
Pikel is lightly wounded.
Pikel says, "You'll make a fine lemure."
Pikel hits you with a +1 whip of flaming.
Pikel burns you. Pikel attacks as you move away! Pikel misses you.
Pikel attacks as you move away!
Pikel hits you with a +1 whip of flaming!
* * * LOW HITPOINT WARNING * * *
Pikel burns you.
* * * LOW HITPOINT WARNING * * *
Pikel attacks as you move away!
Pikel hits you with a +1 whip of flaming.
* * * LOW HITPOINT WARNING * * *
Pikel burns you.
* * * LOW HITPOINT WARNING * * *
There is an open door here.
Pikel attacks as you move away!
Pikel hits you with a +1 whip of flaming.
You die...

..# ##########.#
.........#.#
#.......[#.###
#......K@...### .>..
#...{J..#.#...# .8..
#.......#.###.##
....
#.#######.###..#####
..5{##.# #..........
# ..5J...#
.#####...##.#
..####.# ..........#
..# ######.#######
##.# #.......#


You could see Pikel and a jelly.

Vanquished Creatures
  A lemure (D:4)
  A jelly (D:3)
  Robin (D:2)
  4 gnolls (D:3)
  4 adders
  3 dart slugs
  18 ball pythons
  4 bats
  6 endoplasms
  4 giant cockroaches
  16 goblins
  3 hobgoblins
  6 kobolds
  2 quokkas
  4 frilled lizards
  4 rats
81 creatures vanquished.

Notes
Turn   | Place    | Note
-------+----------+-------------------------------------------
     0 | D:1      | Newt the Kobold Hunter began the quest for the Orb.
     0 | D:1      | Reached XP level 1. HP: 12/12 MP: 1/1
    78 | D:1      | Reached XP level 2. HP: 17/18 MP: 2/2
   181 | D:1      | Found Ogoaby's Armour Shoppe.
   190 | D:1      | Reached XP level 3. HP: 23/23 MP: 3/3
   959 | D:2      | Reached XP level 4. HP: 24/29 MP: 4/4
   967 | D:2      | Noticed Robin
   981 | D:2      | Reached skill level 6 in Ranged Weapons
   985 | D:2      | Killed Robin
  1242 | D:2      | Found a basalt altar of Yredelemnul.
  1476 | D:2      | Found a faded altar of an unknown god.
  1606 | D:3      | Reached XP level 5. HP: 28/33 MP: 5/5
  1691 | D:3      | Reached skill level 7 in Ranged Weapons
  2268 | D:3      | Reached XP level 6. HP: 38/38 MP: 6/6
  2416 | D:4      | Reached skill level 8 in Ranged Weapons
  2450 | D:4      | Found a staircase to the Ecumenical Temple.
  2451 | D:4      | Noticed Pikel
  2453 | D:4      | Noticed Sigmund
  2472 | D:4      | Slain by Pikel

Illustrated notes

Levels and vault maps discovered:
D:1:      lightli_arrival_farm, layout_basic, serial_shops, shop
D:2:      layout_loops_ring, chequers_ecumenical_altar_grove, basic_altar,
          uniq_robin
D:3:      layout_loops_ring, serial_glass, glass_columns_c, glass_columns_a
D:4:      layout_basic, nicolae_overflow_crystal_walls,
          gammafunk_temple_overflow_statue, temple_statues,
          gup_sewer_entry_glass, minmay_unequal, uniq_pikel, uniq_sigmund,
          uniq_menkaure, uniq_ijyb

Skill      XL: |  1  2  3  4  5  6 |
---------------+-------------------+-----
Fighting       | 3 4 |  4.0
Ranged Weapons | 6 7 8 |  8.0
Dodging        | |  2.4
Stealth        | |  1.3

Action                     |  1- 3 |  4- 6 || total
---------------------------+-------+-------++-------
   Fire: Shortbow          |    90 |   123 ||   213
    Use: Scroll            |     3 |     4 ||     7
         Potion            |       |     1 ||     1
 Armour: Leather armour    |    14 |    12 ||    26
  Dodge: Dodged            |    23 |    43 ||    66

Table legend: (Time is in decaauts)
 A = Elapsed time spent in this place.
 B = Non-inter-level travel time spent in this place.
 C = Inter-level travel time spent in this place.
 D = Time resting spent in this place.
 E = Time spent auto-exploring this place.
 F = Levels seen in this place.
 G = Mean time per level.
                   A        B        C        D        E       F      G
               +--------+--------+--------+--------+--------+-----+--------+
         Total |   2534 |   2405 |    129 |      0 |   2013 |   4 |  633.5 |
       Dungeon |   2534 |   2405 |    129 |      0 |   2013 |   4 |  633.5 |
               +--------+--------+--------+--------+--------+-----+--------+

Top non-repeatable levels by time:
     D:2: 899 daAuts
     D:3: 888 daAuts
     D:1: 682 daAuts
     D:4: 63 daAuts
